 Dungeon Crawl Stone Soup version 0.20.1-1-g8b1a95d (webtiles) character file.

60 Nattfarinn the Sneak (level 4, -2/27 HPs)
             Began as an Octopode Enchanter on Aug 2, 2017.
             Slain by a goblin
             ... wielding a +0 club
             ... led by Robin
              (4 damage)
             ... on level 2 of the Dungeon.
             The game lasted 00:04:14 (984 turns).

Nattfarinn the Sneak (Octopode Enchanter)            Turns: 984, Time: 00:04:15

Health: -2/27      AC:  3    Str:  7    XL:     4   Next: 4%
Magic:  6/6        EV: 14    Int: 18    God:
Gold:   30         SH:  0    Dex: 12    Spells: 6/7 levels left

rFire    . . .     SeeInvis .   e - +2 dagger (speed)
rCold    . . .     Gourm    .   (no shield)
rNeg     . . .     Faith    .   (helmet restricted)
rPois    .         Spirit   .   (no amulet)
rElec    .         Reflect  .   (no ring)
rCorr    .         Harm     .   (no ring)
MR       .....                  (no ring)
Stlth    ++++......             (no ring)
Regen    0.1/turn               (no ring)
MPRegen  0.1/turn               (no ring)
                                (no ring)
                                (no ring)

@: no status effects
A: almost no armour, stealthy swim, amphibious, 8 rings, constrict 8, yellow
scales 1, camouflage 1, low mp 1, gelatinous body 1
a: no special abilities


You were on level 2 of the Dungeon.
You were not hungry.

You visited 1 branch of the dungeon, and saw 2 of its levels.

You collected 30 gold pieces.

Inventory:

Hand Weapons
 a - a +1 dagger
 e - a +2 dagger of speed (weapon)
Scrolls
 d - a scroll of teleportation {unknown}
 f - a scroll of blinking {unknown}
 h - 2 scrolls of enchant weapon {unknown}
 l - a scroll of identify {unknown}
Potions
 i - a potion of might {unknown}
 j - a potion of mutation
 k - a potion of curing {unknown}
Books
 b - a book of Maledictions

   Spells                             Type                      Level
   a - Corona                         Hexes                        1
   b - Ensorcelled Hibernation        Hexes/Ice                    2
   c - Confuse                        Hexes                        3
   d - Tukima's Dance                 Hexes                        3
   e - Dazzling Spray                 Conjuration/Hexes            3
Comestibles
 c - 3 bread rations
 g - a royal jelly


   Skills:
 * Level 0.8 Fighting
 + Level 1.6 Short Blades
 + Level 2.6 Dodging
 + Level 4.5 Stealth
 + Level 2.2 Spellcasting
 * Level 3.4 Hexes


You had 6 spell levels left.
You knew the following spells:

 Your Spells              Type           Power        Failure   Level  Hunger
a - Corona                Hex            ##.....      4%          1    #......


Dungeon Overview and Level Annotations

Branches:
Dungeon (2/15)

Altars:

Annotations:
D:2 Robin


Innate Abilities, Weirdness & Mutations

You cannot wear most types of armour.
You are very stealthy in the water. (Stealth+)
You are amphibious.
You can wear up to eight rings at the same time.
You can use your tentacles to constrict eight enemies at once.
Your skin changes colour to match your surroundings (Stealth+).
Your rubbery body absorbs attacks. (AC +1, EV +1)
You are partially covered in yellow scales. (AC +2)
Your magical capacity is low. (-10% MP)


Message History

You release your grip on the goblin.
Robin hits you with a spear of piercing.
* * * LOW HITPOINT WARNING * * *
The goblin hits you with a club.
* * * LOW HITPOINT WARNING * * *
You see here a dagger.
You hit Robin but do no damage. Your grab misses Robin. You squeeze Robin.
Robin is moderately wounded.
You hit Robin but do no damage. Your grab misses Robin.
Robin is moderately wounded.
Robin throws the goblin at you! The goblin hits you with a club.
* * * LOW HITPOINT WARNING * * *
The goblin barely misses you.
You hit Robin but do no damage. Your grab misses Robin.
Robin is moderately wounded.
The goblin hits you but does no damage. Robin closely misses you.
You hit Robin but do no damage. Your grab misses Robin.
Robin is moderately wounded.
The goblin hits you with a club.
You die...

. #..#.).......#...#.##..#
..##................#...#
........)............).#.#
.?......................#
###.................####
#gg...K.............#
#.gg.#.gg(.............#
#... ##..##g##.......###
.... ##.#@g.##.......# ...
###gg.###.####.# .. #...#
#.# .# # ##### #.# .# .#


You could see Robin and 3 goblins.

Vanquished Creatures
  2 adders (D:2)
  2 dart slugs (D:1)
  3 leopard geckos
  4 bats (D:1)
  A giant cockroach (D:1)
  8 goblins
  5 hobgoblins
  4 frilled lizards
  4 kobolds
  A rat (D:2)
34 creatures vanquished.

Notes
Turn   | Place    | Note
-------+----------+-------------------------------------------
     0 | D:1      | Nattfarinn the Octopode Enchanter began the quest for the Orb.
     0 | D:1      | Reached XP level 1. HP: 11/11 MP: 3/3
   151 | D:1      | Reached XP level 2. HP: 18/18 MP: 5/5
   238 | D:1      | Gained mutation: Your magical capacity is low. (-10% MP) [potion of mutation]
   238 | D:1      | Gained mutation: You are partially covered in yellow scales. (AC +2) [potion of mutation]
   686 | D:1      | Reached XP level 3. HP: 19/22 MP: 5/5
   950 | D:2      | Noticed Robin
   971 | D:2      | Reached XP level 4. HP: 12/27 MP: 6/6
   984 | D:2      | Slain by a goblin

Action                   |  1- 3 |  4- 6 || total
-------------------------+-------+-------++-------
Melee: Dagger            |    73 |    10 ||    83
       Constrict         |    16 |     2 ||    18
       Tentacles         |     5 |     1 ||     6
  Use: Potion            |     1 |       ||     1
 Stab: Sleeping          |     7 |       ||     7
       Distracted        |     1 |       ||     1
Armor: Skin              |    11 |     2 ||    13
Dodge: Dodged            |    49 |     5 ||    54
